TOP OF THE 1ST |
Salt Lake Bees batting - Pitching for Columbus Clippers : RHP Fred Huber
|
Pitching: RHP Fred Huber
|
|
Batting: RHB Kian-tat Chen
|
0-0: Fly out, F7 (Flyball, 7S, EV 83.1 MPH)
|
Batting: LHB James McCauley
|
0-0: Called Strike 0-1: Ball 1-1: Ball 2-1: Ball 3-1: SINGLE (Groundball, 34S, EV 67.5 MPH) (infield hit)
|
Batting: LHB Jonathon Walton
|
0-0: Ball 1-0: Ball 2-0: Grounds into double play, 4-6-3 (Groundball, 4, EV 84.4 MPH)
|
Top of the 1st over - 0 runs, 1 hit, 0 errors, 0 left on base; Salt Lake 0 - Columbus 0 |
BOTTOM OF THE 1ST |
Columbus Clippers batting - Pitching for Salt Lake Bees : RHP Adam Durant
|
Pitching: RHP Adam Durant
|
|
Batting: RHB Chang-wei Jiang
|
0-0: Called Strike 0-1: Ball 1-1: Swinging Strike 1-2: Ground out U3 (Groundball, 3, EV 107.5 MPH)
|
Batting: LHB Corey Trevor
|
0-0: Ball 1-0: Ball 2-0: Ball 3-0: Called Strike 3-1: Base on Balls
|
Batting: LHB Danny Dunham
|
0-0: Fielders Choice at 2nd, 5-4 (Groundball, 56, EV 93.1 MPH)
|
Batting: RHB Eddie LaRose
|
0-0: Fly out, F9 (Flyball, 89M, EV 83.1 MPH)
|
Bottom of the 1st over - 0 runs, 0 hits, 0 errors, 1 left on base; Salt Lake 0 - Columbus 0 |
TOP OF THE 2ND |
Salt Lake Bees batting - Pitching for Columbus Clippers : RHP Fred Huber
|
Batting: LHB Micah Miller
|
0-0: Ball 1-0: Swinging Strike 1-1: Swinging Strike 1-2: Ball 2-2: Strikes out swinging
|
Batting: RHB Melvin Gomez
|
0-0: Ball 1-0: Swinging Strike 1-1: Foul Ball, location: 2F 1-2: Strikes out swinging
|
Batting: LHB Brett Bugge
|
0-0: Called Strike 0-1: Foul Ball, location: 2F 0-2: Ball 1-2: Ball 2-2: DOUBLE (Line Drive, 8RXD, EV 105.0 MPH)
|
Batting: RHB Jeff Long
|
0-0: Ball 1-0: Ball 2-0: Ball 3-0: Called Strike 3-1: SINGLE (Line Drive, 7S, EV 91.9 MPH) Brett Bugge to third Runner from 3rd tries for Home, SAFE, throw by LF to home
|
Batting: RHB Brandon Davis
|
0-0: Swinging Strike 0-1: Foul Ball, location: 2F 0-2: Ball Jeff Long steals 2nd base 1-2: Ball 2-2: Foul Ball, location: 2F 2-2: Ball 3-2: Foul Ball, location: 2F 3-2: Foul Ball, location: 2F 3-2: Base on Balls
|
Batting: RHB Terry Baginski
|
0-0: Swinging Strike 0-1: Ball 1-1: Ball 2-1: Swinging Strike 2-2: Foul Ball, location: 2F 2-2: Strikes out swinging
|
Top of the 2nd over - 1 run, 2 hits, 0 errors, 2 left on base; Salt Lake 1 - Columbus 0 |
BOTTOM OF THE 2ND |
Columbus Clippers batting - Pitching for Salt Lake Bees : RHP Adam Durant
|
Batting: LHB Robert Watson
|
0-0: Ball 1-0: Called Strike 1-1: Called Strike 1-2: Foul Ball, location: 2F 1-2: Ball 2-2: Strikes out looking
|
Batting: LHB Jim Keefe
|
0-0: Ball 1-0: Ball 2-0: Ball 3-0: Called Strike 3-1: Base on Balls
|
Batting: LHB Justin Barker
|
0-0: Ball 1-0: Ball 2-0: Called Strike 2-1: Called Strike 2-2: Fly out, F7 (Flyball, 78D, EV 98.1 MPH)
|
Batting: LHB Tyler Babbitt
|
0-0: Called Strike 0-1: Ball 1-1: Ball 2-1: Called Strike 2-2: Ball 3-2: Foul Ball, location: 2F 3-2: Foul Ball, location: 2F 3-2: Base on Balls Jim Keefe to second
|
Batting: RHB Stephen Charbonneau
|
0-0: Ball 1-0: Ball 2-0: Swinging Strike 2-1: Foul Ball, location: 2F 2-2: Ball 3-2: Foul Ball, location: 2F 3-2: Fly out, F5 (Popup, 5F, EV 72.5 MPH)
|
Bottom of the 2nd over - 0 runs, 0 hits, 0 errors, 2 left on base; Salt Lake 1 - Columbus 0 |
TOP OF THE 3RD |
Salt Lake Bees batting - Pitching for Columbus Clippers : RHP Fred Huber
|
Batting: RHB Kian-tat Chen
|
0-0: Ball 1-0: Fly out, F5 (Popup, 56S, EV 86.9 MPH)
|
Batting: LHB James McCauley
|
0-0: Ball 1-0: Ball 2-0: Called Strike 2-1: Called Strike 2-2: Strikes out swinging
|
Batting: LHB Jonathon Walton
|
0-0: Called Strike 0-1: Fly out, F8 (Flyball, 8RD, EV 105.6 MPH)
|
Top of the 3rd over - 0 runs, 0 hits, 0 errors, 0 left on base; Salt Lake 1 - Columbus 0 |
BOTTOM OF THE 3RD |
Columbus Clippers batting - Pitching for Salt Lake Bees : RHP Adam Durant
|
Batting: RHB Chang-wei Jiang
|
0-0: Called Strike 0-1: Ball 1-1: Swinging Strike 1-2: Ball 2-2: Ball 3-2: Base on Balls
|
Batting: LHB Corey Trevor
|
0-0: Swinging Strike 0-1: Swinging Strike 0-2: Ball 1-2: Ball 2-2: Ball 3-2: Ground out 5-3 (Groundball, 56, EV 105.0 MPH) Chang-wei Jiang to second
|
Batting: LHB Danny Dunham
|
0-0: Ground out 4-3 (Groundball, 4M, EV 80.0 MPH) Chang-wei Jiang to third
|
Batting: RHB Eddie LaRose
|
0-0: Foul Ball, location: 2F 0-1: Called Strike 0-2: Ball 1-2: Ball 2-2: Strikes out swinging
|
Bottom of the 3rd over - 0 runs, 0 hits, 0 errors, 1 left on base; Salt Lake 1 - Columbus 0 |
TOP OF THE 4TH |
Salt Lake Bees batting - Pitching for Columbus Clippers : RHP Fred Huber
|
Batting: LHB Micah Miller
|
0-0: Called Strike 0-1: Foul Ball, location: 2F 0-2: Ball 1-2: Ground out U3 (Groundball, 3L, EV 105.0 MPH)
|
Batting: RHB Melvin Gomez
|
0-0: Foul Ball, location: 2F 0-1: Ball 1-1: Ball 2-1: Fly out, F8 (Line Drive, 8LD, EV 90.6 MPH)
|
Batting: LHB Brett Bugge
|
0-0: Called Strike 0-1: Ball 1-1: Ball 2-1: Ball 3-1: Base on Balls
|
Batting: RHB Jeff Long
|
0-0: Called Strike 0-1: Ball 1-1: Called Strike 1-2: Ball 2-2: Ball 3-2: Fly out, F7 (Flyball, 7D, EV 103.1 MPH)
|
Top of the 4th over - 0 runs, 0 hits, 0 errors, 1 left on base; Salt Lake 1 - Columbus 0 |
BOTTOM OF THE 4TH |
Columbus Clippers batting - Pitching for Salt Lake Bees : RHP Adam Durant
|
Batting: LHB Robert Watson
|
0-0: SINGLE (Groundball, 4MD, EV 102.5 MPH)
|
Batting: LHB Jim Keefe
|
0-0: Ball 1-0: Called Strike 1-1: Foul Ball, location: 2F 1-2: Foul Ball, location: 2F 1-2: Ball 2-2: Ball 3-2: Fly out, F8 (Flyball, 78D, EV 89.4 MPH)
|
Batting: LHB Justin Barker
|
0-0: Ball 1-0: Hit by Pitch Robert Watson to second
|
Batting: LHB Tyler Babbitt
|
0-0: Foul Ball, location: 2F 0-1: Swinging Strike 0-2: Ball 1-2: Ball 2-2: Ball 3-2: Base on Balls Robert Watson to third Justin Barker to second
|
Batting: RHB Stephen Charbonneau
|
0-0: Fielders Choice at 2nd, 4-6 (Groundball, 4, EV 103.8 MPH) Robert Watson scores Justin Barker to third
|
Batting: RHB Chang-wei Jiang
|
0-0: Foul Ball, location: 2F 0-1: SINGLE (Groundball, 4M, EV 96.9 MPH) Justin Barker scores Stephen Charbonneau to second
|
Batting: LHB Corey Trevor
|
0-0: Ball 1-0: Swinging Strike 1-1: Ball 2-1: Ball 3-1: Base on Balls Stephen Charbonneau to third Chang-wei Jiang to second
|
Batting: LHB Danny Dunham
|
0-0: GRAND SLAM HOME RUN (Flyball, 8LXD, EV 108.8 MPH), Distance : 423 ft
|
Pitching: RHP Andrew Tipton
|
|
Batting: RHB Eddie LaRose
|
0-0: SINGLE (Groundball, 6S, EV 68.8 MPH) (infield hit)
|
Batting: LHB Robert Watson
|
0-0: Called Strike Eddie LaRose is caught stealing 2nd base 2-6
|
Bottom of the 4th over - 6 runs, 4 hits, 0 errors, 0 left on base; Salt Lake 1 - Columbus 6 |
TOP OF THE 5TH |
Salt Lake Bees batting - Pitching for Columbus Clippers : RHP Fred Huber
|
Now in LF: Stu Sornson
|
|
Now in RF: Robert Watson
|
|
Batting: RHB Brandon Davis
|
0-0: Foul Ball, location: 2F 0-1: Foul Ball, location: 2F 0-2: Ball 1-2: Strikes out swinging
|
Batting: RHB Terry Baginski
|
0-0: Ball 1-0: Ball 2-0: Ball 3-0: Called Strike 3-1: SINGLE (Groundball, 6D, EV 101.9 MPH)
|
Batting: RHB Kian-tat Chen
|
0-0: Called Strike 0-1: Swinging Strike 0-2: Foul Ball, location: 2F 0-2: Strikes out swinging
|
Batting: LHB James McCauley
|
0-0: Ball Terry Baginski steals 2nd base 1-0: Ball 2-0: Ground out 4-3 (Groundball, 34, EV 81.2 MPH)
|
Top of the 5th over - 0 runs, 1 hit, 0 errors, 1 left on base; Salt Lake 1 - Columbus 6 |
BOTTOM OF THE 5TH |
Columbus Clippers batting - Pitching for Salt Lake Bees : RHP Andrew Tipton
|
Batting: LHB Robert Watson
|
0-0: Swinging Strike 0-1: Ball 1-1: Foul Ball, location: 2F 1-2: Strikes out looking
|
Batting: LHB Jim Keefe
|
0-0: Swinging Strike 0-1: Ball 1-1: Swinging Strike 1-2: Foul Ball, location: 2F 1-2: Ground out 4-3 (Groundball, 4, EV 111.2 MPH)
|
Batting: LHB Justin Barker
|
0-0: Ball 1-0: Ball 2-0: Foul Ball, location: 2F 2-1: Called Strike 2-2: Strikes out swinging
|
Bottom of the 5th over - 0 runs, 0 hits, 0 errors, 0 left on base; Salt Lake 1 - Columbus 6 |
TOP OF THE 6TH |
Salt Lake Bees batting - Pitching for Columbus Clippers : RHP Fred Huber
|
Batting: LHB Jonathon Walton
|
0-0: Swinging Strike 0-1: Called Strike 0-2: Foul Ball, location: 2F 0-2: SOLO HOME RUN (Flyball, 9D, EV 96.9 MPH), Distance : 395 ft
|
Batting: LHB Micah Miller
|
0-0: Ball 1-0: Called Strike 1-1: Ground out 3-1 (Groundball, 3D, EV 100.0 MPH)
|
Batting: RHB Melvin Gomez
|
0-0: Called Strike 0-1: Called Strike 0-2: Ground out 4-3 (Groundball, 4, EV 83.1 MPH)
|
Batting: LHB Brett Bugge
|
0-0: Ball 1-0: Swinging Strike 1-1: Ball 2-1: Ball 3-1: Foul Ball, location: 2F 3-2: Base on Balls
|
Pitching: LHP Victor Garcia
|
|
Batting: RHB Jeff Long
|
0-0: Fly out, F9 (Flyball, 9LM, EV 88.8 MPH)
|
Top of the 6th over - 1 run, 1 hit, 0 errors, 1 left on base; Salt Lake 2 - Columbus 6 |
BOTTOM OF THE 6TH |
Columbus Clippers batting - Pitching for Salt Lake Bees : RHP Andrew Tipton
|
Batting: LHB Stu Sornson
|
0-0: Ball 1-0: Ball 2-0: DOUBLE (Flyball, 78XD, EV 106.9 MPH)
|
Batting: RHB Stephen Charbonneau
|
0-0: Fly out, F9 (Line Drive, 89D, EV 111.2 MPH) Runner from 2nd tags up, SAFE at 3rd, no throw by RF
|
Batting: RHB Chang-wei Jiang
|
0-0: Swinging Strike 0-1: Foul Ball, location: 2F 0-2: Foul Ball, location: 2F 0-2: Ball 1-2: Ground out 4-3 (Groundball, 4, EV 102.5 MPH) Stu Sornson scores
|
Batting: LHB Corey Trevor
|
0-0: Called Strike 0-1: Ball 1-1: Foul Ball, location: 2F 1-2: Foul Ball, location: 2F 1-2: Foul Ball, location: 2F 1-2: Ball 2-2: Hit by Pitch
|
Batting: LHB Danny Dunham
|
0-0: Called Strike 0-1: 2-RUN HOME RUN (Flyball, 9D, EV 105.6 MPH), Distance : 390 ft
|
Batting: RHB Eddie LaRose
|
0-0: Fly out, F8 (Flyball, 78M, EV 81.9 MPH)
|
Bottom of the 6th over - 3 runs, 2 hits, 0 errors, 0 left on base; Salt Lake 2 - Columbus 9 |
TOP OF THE 7TH |
Salt Lake Bees batting - Pitching for Columbus Clippers : LHP Victor Garcia
|
Now at 1B: Gabe White
|
|
Now at 2B: Scott Scott
|
|
Now at 3B: Justin Barker
|
|
Batting: RHB Brandon Davis
|
0-0: Ball 1-0: Ball 2-0: Ball 3-0: Called Strike 3-1: Fly out, F8 (Line Drive, 8RM, EV 109.4 MPH)
|
Batting: RHB Terry Baginski
|
0-0: Ball 1-0: Called Strike 1-1: Swinging Strike 1-2: Ball 2-2: Strikes out looking
|
Batting: RHB Kian-tat Chen
|
0-0: Called Strike 0-1: Ball 1-1: Ground out 1-3 (Groundball, 15S, EV 68.8 MPH)
|
Top of the 7th over - 0 runs, 0 hits, 0 errors, 0 left on base; Salt Lake 2 - Columbus 9 |
BOTTOM OF THE 7TH |
Columbus Clippers batting - Pitching for Salt Lake Bees : RHP Andrew Tipton
|
Batting: LHB Robert Watson
|
0-0: Foul Ball, location: 2F 0-1: Ball 1-1: Ground out 4-3 (Groundball, 34, EV 83.1 MPH)
|
Batting: LHB Jim Keefe
|
0-0: Ball 1-0: SINGLE (Groundball, 34D, EV 95.0 MPH)
|
Batting: LHB Justin Barker
|
0-0: Called Strike 0-1: SINGLE (Groundball, 13S, EV 67.5 MPH) (infield hit) Jim Keefe to second
|
Batting: LHB Stu Sornson
|
0-0: Ball 1-0: Foul Ball, location: 2F 1-1: Called Strike 1-2: Ball 2-2: Fielders Choice at 2nd, 3-6 (Groundball, 3, EV 86.9 MPH) Jim Keefe to third
|
Batting: RHB Stephen Charbonneau
|
0-0: Ball 1-0: Called Strike 1-1: Swinging Strike 1-2: Ball 2-2: Foul Ball, location: 2F 2-2: Ground out 4-3 (Groundball, 4, EV 87.5 MPH)
|
Bottom of the 7th over - 0 runs, 2 hits, 0 errors, 2 left on base; Salt Lake 2 - Columbus 9 |
TOP OF THE 8TH |
Salt Lake Bees batting - Pitching for Columbus Clippers : LHP Victor Garcia
|
Batting: LHB James McCauley
|
0-0: Foul Ball, location: 2F 0-1: Foul Ball, location: 2F 0-2: Ball 1-2: Ball 2-2: Foul Ball, location: 2F 2-2: Foul Ball, location: 2F 2-2: Ball 3-2: Base on Balls
|
Batting: LHB Jonathon Walton
|
0-0: Ball 1-0: Called Strike 1-1: Ball 2-1: Fielders Choice at 2nd, 1-4 (Groundball, 15, EV 68.8 MPH)
|
Batting: LHB Micah Miller
|
0-0: Ball 1-0: Fly out, F8 (Flyball, 8LXD, EV 108.8 MPH)
|
Batting: RHB Melvin Gomez
|
0-0: Ball 1-0: Ball 2-0: Swinging Strike 2-1: Foul Ball, location: 2F 2-2: Ball 3-2: Fly out, F6 (Line Drive, 6, EV 60.0 MPH)
|
Top of the 8th over - 0 runs, 0 hits, 0 errors, 1 left on base; Salt Lake 2 - Columbus 9 |
BOTTOM OF THE 8TH |
Columbus Clippers batting - Pitching for Salt Lake Bees : RHP Andrew Tipton
|
Batting: LHB Gabe White
|
0-0: Ball 1-0: Called Strike 1-1: SOLO HOME RUN (Flyball, 9D, EV 97.5 MPH), Distance : 388 ft
|
Batting: LHB Corey Trevor
|
0-0: Ball 1-0: Ball 2-0: Ball 3-0: Called Strike 3-1: Base on Balls
|
Pitching: RHP Eric Cunningham
|
|
Batting: SHB Scott Scott
|
0-0: Ball 1-0: Fly out, F7 (Line Drive, 7D, EV 98.1 MPH)
|
Batting: RHB Eddie LaRose
|
0-0: Fielders Choice at 2nd, 3-6 (Groundball, 3D, EV 101.9 MPH)
|
Batting: LHB Robert Watson
|
0-0: Called Strike 0-1: Called Strike 0-2: Ball 1-2: Strikes out swinging
|
Bottom of the 8th over - 1 run, 1 hit, 0 errors, 1 left on base; Salt Lake 2 - Columbus 10 |
TOP OF THE 9TH |
Salt Lake Bees batting - Pitching for Columbus Clippers : LHP Victor Garcia
|
Batting: LHB Brett Bugge
|
0-0: Ball 1-0: Ball 2-0: Foul Ball, location: 2F 2-1: Foul Ball, location: 2F 2-2: Strikes out swinging
|
Batting: RHB Jeff Long
|
0-0: Called Strike 0-1: Ball 1-1: Fly out, F7 (Line Drive, 78S, EV 92.5 MPH)
|
Batting: RHB Brandon Davis
|
0-0: Ball 1-0: SINGLE (Groundball, 56, EV 98.8 MPH) (infield hit)
|
Batting: RHB Terry Baginski
|
0-0: Ground out 4-3 (Groundball, 4S, EV 88.1 MPH)
|
Top of the 9th over - 0 runs, 1 hit, 0 errors, 1 left on base; Salt Lake 2 - Columbus 10 |
|